 Dungeon Crawl Stone Soup version 0.29.1-13-g9f3cf754e1 (webtiles) character file.

Game seed: 15687040027970435236

126 cheesebisquit the Chiller (level 5, 0/39 HPs)
             Began as a Ghoul Ice Elementalist on Jan 29, 2023.
             Slain by a centaur (5 damage)
             ... on level 3 of the Dungeon.
             The game lasted 00:09:42 (3314 turns).

cheesebisquit the Chiller (Ghoul Ice Elementalist)  Turns: 3314, Time: 00:09:42

Health: 0/39       AC:  5    Str: 12    XL:     5   Next: 9%
Magic:  7/7        EV: 12    Int: 12    God:
Gold:   76         SH:  0    Dex:  9    Spells: 8/9 levels left

rFire   . . .      SeeInvis .   w - +2 quarterstaff (chaos)
rCold   + . .      Faith    .   (shield currently unavailable)
rNeg    + + +      Spirit   .   a - +0 robe
rPois   ∞          Reflect  .   (no helmet)
rElec   .          Harm     .   x - +0 cloak
rCorr   .          Rampage  .   (no gloves)
Will    .....                   t - +1 pair of boots
Stlth   ++........              (no amulet)
HPRegen 0.00/turn               y - ring of wizardry
MPRegen 0.10/turn               (no ring)

@: inhibited regen
A: claws 1, cold resistance 1, negative energy resistance 3, inhibited
regeneration, torment resistance 2, devour on kill
a: no special abilities


You were on level 3 of the Dungeon.
You visited 1 branch of the dungeon, and saw 3 of its levels.

You collected 76 gold pieces.

Inventory:

Hand Weapons
 g - a +0 dagger
 w - a +2 quarterstaff of chaos (weapon)
Armour
 a - a +0 robe (worn)
 p - an orb of light
 t - a +1 pair of boots (worn)
 x - a +0 cloak (worn)
Jewellery
 y - a ring of wizardry (left claw)
Wands
 r - a wand of iceblast (10)
 v - a wand of flame (23)
Scrolls
 c - a scroll of immolation {unknown}
 d - a scroll of vulnerability {unknown}
 e - a scroll of silence {unknown}
 i - a scroll of blinking {unknown}
 k - a scroll of enchant weapon {unknown}
 q - a scroll of enchant armour {unknown}
 s - a scroll of fog {unknown}
 z - a scroll of identify {unknown}
Potions
 b - a potion of magic
 f - a potion of heal wounds {unknown}
 h - a potion of lignification {unknown}
 j - a potion of might {unknown}
 l - a potion of curing {unknown}
 m - 2 potions of degeneration {unknown}
 n - 2 potions of brilliance {unknown}
 o - a potion of attraction {unknown}
 u - a potion of invisibility {unknown}


   Skills:
 + Level 0.8 Fighting
 + Level 0.5 Staves
 - Level 1.7 Dodging
 - Level 4.1 Stealth
 + Level 2.5 Spellcasting
 + Level 5.1 Ice Magic


You had 8 spell levels left.
You knew the following spells:

 Your Spells              Type           Power      Damage    Failure   Level
a - Freeze                Ice            52%        1d7       1%          1

Your spell library contained the following spells:

 Spells                   Type           Power      Damage    Failure   Level
 Frozen Ramparts          Ice            26%        1d4       4%          3
 Ozocubu's Armour         Ice            13%        N/A       4%          3
 Static Discharge         Conj/Air       1%         3-4/arc   16%         2
 Hailstorm                Conj/Ice       7%         3d4       32%         4
 Animate Dead             Necr           1%         N/A       67%         4
 Dispel Undead            Necr           1%         3d6       67%         4
 Sticky Flame             Conj/Fire      1%         2d3       67%         4
 Haunt                    Necr/Summ      0%         N/A       100%        7
 Infestation              Necr           0%         N/A       100%        8


Dungeon Overview and Level Annotations

Branches:
Dungeon (3/15)

Altars:

Shops:
D:3 (


Innate Abilities, Weirdness & Mutations

You are immune to poison.
You have sharp fingernails.
Your flesh is cold resistant. (rC+)
You are immune to negative energy. (rN+++)
You do not regenerate when monsters are visible.
You are immune to unholy pain and torment.
You thrive by killing the living.


Message History

You freeze the centaur.
The centaur is heavily wounded.
The orc shouts!
The bat hits you but does no damage.
The centaur hits you but does no damage.
The centaur kicks you. The centaur closely misses you.
The centaur barely misses you.
Aiming: Freeze (safe; 1% risk of failure)
Press: ? - help, Q - select action, (/) - cycle Shift-Dir - straight line, f/p - centaur
Aim: a centaur (heavily wounded)
You freeze the centaur!
The centaur is severely wounded.
The bat hits you but does no damage. The bat closely misses you.
The centaur hits you but does no damage.
The centaur kicks you but does no damage.
Aiming: Freeze (safe; 1% risk of failure)
Press: ? - help, Q - select action, (/) - cycle Shift-Dir - straight line, f/p - centaur
Aim: a centaur (severely wounded)
You freeze the centaur.
The centaur is severely wounded.
The bat closely misses you.
The centaur hits you but does no damage.
The centaur barely misses you. The centaur hits you.
The centaur closely misses you.
Aiming: Freeze (safe; 1% risk of failure)
Press: ? - help, Q - select action, (/) - cycle Shift-Dir - straight line, f/p - centaur
Aim: a centaur (severely wounded)
You freeze the centaur.
The centaur is almost dead.
The bat hits you.
A rat comes into view.
An orc comes into view. It is wielding a +0 whip.
The centaur hits you. The centaur kicks you.
* * * LOW HITPOINT WARNING * * *
The centaur wields a +0 shortbow.
The centaur shoots an arrow.
The arrow hits you.
* * * LOW HITPOINT WARNING * * *
Magic courses through your body.
The centaur unwields a +0 shortbow.
The centaur hits you.
You die...

#.....###...###..#
#..).......####.#
#..#######........#
P#####..###.>###
##...###.........# ##
.#.#.P#....##... ...####
##...###.........# .......
#...#.P#..#.......
.......###÷@.P##..#?......
8....<$.###c###..b..##.##.
..........o........##....
....o....b......).........
....r.....#..(......### ..
............(.#####..>#
.........)....# ##..
....$.....###... ##
....####### ###..


You could see a centaur, an orc and a bat.

Vanquished Creatures
  Crazy Yiuf (D:2)
  Jessica (D:2)
  2 adders (D:3)
  A worm (D:3)
  A dart slug (D:1)
  2 orcs (D:3)
  9 ball pythons
  3 bats
  An endoplasm (D:2)
  4 giant cockroaches
  2 hobgoblins
  2 jackals (D:1)
  A quokka (D:2)
  4 frilled lizards
  5 goblins
  6 kobolds
  5 rats
50 creatures vanquished.

Vanquished Creatures (others)
  12 plants
12 creatures vanquished.

Grand Total: 62 creatures vanquished

Notes
Turn   | Place    | Note
-------+----------+-------------------------------------------
     0 | D:1      | cheesebisquit the Ghoul Ice Elementalist began the quest
                  | for the Orb.
     0 | D:1      | Reached XP level 1. HP: 14/14 MP: 2/2
    14 | D:1      | Found a faded altar of an unknown god.
   355 | D:1      | Reached XP level 2. HP: 20/20 MP: 0/3
  1488 | D:1      | Reached XP level 3. HP: 26/26 MP: 2/5
  2148 | D:2      | Found a runed translucent door.
  2149 | D:2      | Noticed Crazy Yiuf
  2316 | D:2      | Noticed Jessica
  2342 | D:2      | Killed Jessica
  2343 | D:2      | Reached XP level 4. HP: 29/33 MP: 3/6
  2582 | D:2      | Killed Crazy Yiuf
  2583 | D:2      | Reached skill level 5 in Ice Magic
  2807 | D:3      | Found Quloin's Weapon Shop.
  3092 | D:3      | Reached XP level 5. HP: 14/39 MP: 0/7
  3299 | D:3      | Noticed a centaur
  3314 | D:3      | Slain by a centaur

Illustrated notes

Levels and vault maps discovered:
D:1:      dpeg_arrival_pond, layout_loops_ring,
          chequers_ecumenical_altar_simple_redux, serial_co_window_serial,
          co_window_paths_b, co_window_paths_a, co_window_paths_b,
          co_window_paths_b, co_window_corner_a, co_window_corner_ca,
          co_window_unsneaky_path_a, co_window_paths_c, glass_columns_c,
          chequers_big_river, nicolae_concentric_dashed_squares_mild
D:2:      layout_loops_ring, corexii_shack, serial_bayou_pond_c,
          uniq_crazy_yiuf_cottage, uniq_jessica
D:3:      layout_rooms, serial_shops, shop_statue,
          nicolae_shop_competitors_out_of_business, shop_statue,
          minmay_shallow_snake_nest, uniq_terence

Skill      XL: |  1  2  3  4 |
---------------+-------------+-----
Spellcasting   | 2 |  2.5
Stealth        | 3 4 |  4.1
Ice Magic      | 5 |  5.1
Fighting       | |  0.8
Staves         | |  0.5
Dodging        | |  1.7

Action                   |  1- 3 |  4- 6 || total
-------------------------+-------+-------++-------
Melee: Unarmed           |    33 |     1 ||    34
       Quarterstaff      |       |    22 ||    22
 Cast: Freeze            |    42 |    34 ||    76
  Use: Potion            |       |     1 ||     1
Armor: Robe              |    17 |    32 ||    49
Dodge: Dodged            |    52 |    52 ||   104
